 Dungeon Crawl Stone Soup version 0.29.1-15-g9cfb28693d (webtiles) character file.

Game seed: 12612576548703983607

59 leafyfresh the Sneak (level 4, 0/33 HPs)
             Began as an Octopode Delver on Mar 5, 2023.
             Slain by a phantom (3 damage)
             ... on level 5 of the Dungeon.
             The game lasted 00:00:27 (723 turns).

leafyfresh the Sneak (Octopode Delver)               Turns: 723, Time: 00:00:28

Health: 0/33       AC:  1    Str: 11    XL:     4   Next: 3%
Magic:  4/4        EV: 13    Int: 14    God:
Gold:   7          SH:  0    Dex: 13    Spells: 3/3 levels left

rFire   . . .      SeeInvis .   a - +0 short sword
rCold   . . .      Faith    .   (no shield)
rNeg    . . .      Spirit   .   (helmet restricted)
rPois   .          Reflect  .   (no amulet)
rElec   .          Harm     .   (no ring)
rCorr   .          Rampage  .   (no ring)
Will    .....                   (no ring)
Stlth   ++++......              (no ring)
HPRegen 0.11/turn               (no ring)
MPRegen 0.09/turn               (no ring)
                                (no ring)
                                (no ring)

@: no status effects
A: almost no armour, amphibious, 8 rings, camouflage 1, gelatinous body 1,
(nimble swimmer 1), tentacles
a: no special abilities


You were on level 5 of the Dungeon.
You visited 1 branch of the dungeon, and saw 1 of its levels.

You collected 7 gold pieces.

Inventory:

Hand Weapons
 a - a +0 short sword (weapon)
Wands
 f - a wand of digging (3)
Scrolls
 b - a scroll of fog
 c - a scroll of magic mapping
 d - a scroll of fear
Potions
 e - a potion of haste
 g - a potion of invisibility {unknown}


   Skills:
 + Level 3.7 Fighting
 - Level 2.0 Short Blades
 + Level 2.8 Dodging
 + Level 7.3 Stealth


You had 3 spell levels left.
You didn't know any spells.
Your spell library was empty.

Dungeon Overview and Level Annotations

Branches:
Dungeon (5/15)
 Temple: D:4-7

Altars:


Innate Abilities, Weirdness & Mutations

You cannot wear most types of armour.
You are amphibious.
You can wear up to eight rings at the same time.
Your skin changes colour to match your surroundings (Stealth+).
Your rubbery body absorbs attacks. (AC +1, EV +1)
((You are camouflaged when in or above water. (Stealth+)))
You have tentacles for arms and can constrict up to eight enemies at once.


Message History

The phantom is moderately damaged.
The phantom closely misses you.
You barely miss the phantom.
The phantom is moderately damaged.
The phantom hits you.
You are too injured to fight recklessly!
You are too injured to fight recklessly!
You are too injured to fight recklessly!
You are too injured to fight recklessly!
You are too injured to fight recklessly!
You are too injured to fight recklessly!
You are too injured to fight recklessly!
You hit the phantom.
The phantom is heavily damaged.
The phantom hits you.
You miss the phantom.
The phantom is heavily damaged.
The phantom hits you.
* * * LOW HITPOINT WARNING * * *
The phantom blinks!
You blink.
You hit the phantom but do no damage.
The phantom is heavily damaged.
The phantom closely misses you.
You hit the phantom.
The phantom is heavily damaged.
The phantom hits you.
* * * LOW HITPOINT WARNING * * *
You barely miss the phantom. You squeeze the phantom.
The phantom is heavily damaged.
The phantom barely misses you.
You closely miss the phantom.
The phantom is heavily damaged.
The phantom closely misses you.
You closely miss the phantom. Your squeeze misses the phantom.
The phantom is heavily damaged.
The phantom completely misses you.
You hit the phantom. Your squeeze misses the phantom.
The phantom is severely damaged.
The phantom hits you.
You die...

.. #. .... ... # ....
.... ..... ....#
..............#
..............#
##..............#
####................
#..@W...............
#....##...............
.....##
#............... ...#
#.............. ..
##............. .
#.............
##............
#............
##...........


You could see a phantom.

Vanquished Creatures
  2 hounds (D:5)
2 creatures vanquished.

Notes
Turn   | Place    | Note
-------+----------+-------------------------------------------
     0 | D:5      | leafyfresh the Octopode Delver began the quest for the Orb.
     0 | D:5      | Reached XP level 1. HP: 16/16 MP: 1/1
    13 | D:5      | Noticed a hound
    14 | D:5      | Noticed a hound
    21 | D:5      | Killed a hound
    22 | D:5      | Reached skill level 7 in Stealth
    22 | D:5      | Reached XP level 2. HP: 1/21 MP: 2/2
    22 | D:5      | Reached XP level 3. HP: 1/26 MP: 3/3
   535 | D:5      | Reached XP level 4. HP: 23/33 MP: 4/4
   680 | D:5      | Noticed a centaur
   698 | D:5      | Noticed a phantom
   723 | D:5      | Slain by a phantom

Illustrated notes

Levels and vault maps discovered:
D:5:      layout_cave_pods

Skill      XL: |  1 |
---------------+----+-----
Stealth        | 7 |  7.3
Fighting       | |  3.7
Short Blades   | |  2.0
Dodging        | |  2.8

Action                   |  1- 3 |  4- 6 || total
-------------------------+-------+-------++-------
Melee: Short sword       |    12 |    22 ||    34
       Tentacles         |     4 |     3 ||     7
       Constrict         |     2 |       ||     2
       Punch             |       |     1 ||     1
Dodge: Dodged            |     9 |    15 ||    24
